 Dungeon Crawl Stone Soup version 0.29-a0-575-g0dc89cf053 (webtiles) character file.

Game seed: 13315044668756103388

103780 shoop the Crack Shot (level 15, 86/86 HPs)
             Began as a Deep Elf Arcane Marksman on Mar 10, 2022.
             Was the Champion of Fedhas.
             Quit the game on level 2 of the Orcish Mines on June 12, 2022.
             The game lasted 02:38:40 (48222 turns).

shoop the Crack Shot (Deep Elf Arcane Marksman)    Turns: 48222, Time: 02:38:41

Health: 86/86      AC: 17    Str:  2    XL:     15   Next: 90%
Magic:  27/30      EV: 21    Int: 23    God:    Fedhas [******]
Gold:   2954       SH:  0    Dex: 21    Spells: 11/32 levels left

rFire   . . .      SeeInvis .   x - +1 longbow
rCold   + + +      Faith    .   (shield currently unavailable)
rNeg    + + .      Spirit   .   b - +2 robe {rC+}
rPois   +          Reflect  .   P - +2 helmet
rElec   .          Harm     .   s - +2 cloak
rCorr   .          Rampage  .   y - +0 pair of gloves
Will    +....                   n - +0 pair of boots of Veeneh {*Corrode rC+ rN++ Int+3}
Stlth   +++.......              o - amulet "Ruus" {Acrobat +Inv rC+ Str-5}
HPRegen 0.24/turn               e - +4 ring of protection
MPRegen 0.22/turn               F - ring of poison resistance

@: no status effects
A: no striking features
a: Renounce Religion, Evoke Invisibility, Wall of Briars, Grow Ballistomycete,
Overgrow, Grow Oklob


You were on level 2 of the Orcish Mines.
You worshipped Fedhas.
Fedhas was exalted by your worship.
You visited 7 branches of the dungeon, and saw 27 of its levels.
You also visited: Sewer and Bailey.

You collected 2954 gold pieces.

Inventory:

Hand Weapons
 x - a +1 longbow (weapon)
Armour
 b - a +2 robe of cold resistance (worn)
 n - the +0 pair of boots of Veeneh (worn) {*Corrode rC+ rN++ Int+3}
   (You found it on level 2 of the Dungeon)

   Int:       It affects your intelligence (+3).
   rC:        It protects you from cold.
   rN:        It greatly protects you from negative energy.
   *Corrode:  It may corrode you when you take damage.
 s - a +2 cloak (worn)
 y - a +0 pair of gloves (worn)
 P - a +2 helmet (worn)
Jewellery
 a - a +4 ring of protection
 e - a +4 ring of protection (left hand)
 g - an amulet of regeneration
 i - the ring "Zyssici" {rF+ Int+2}
   (You took it off an ogre mage on level 12 of the Dungeon)

   [ring of protection from fire]

   Int:       It affects your intelligence (+2).
   rF:        It protects you from fire.
 o - the amulet "Ruus" (around neck) {Acrobat +Inv rC+ Str-5}
   (You found it on level 2 of the Dungeon)

   [amulet of the acrobat]

   It increases your evasion while moving and waiting.
   Str:       It affects your strength (-5).
   rC:        It protects you from cold.
   +Inv:      It lets you turn invisible.
 F - a ring of poison resistance (right hand)
 O - a ring of see invisible
 R - a ring of willpower
 T - a +6 ring of strength
 X - a ring of protection from fire
Wands
 G - a wand of iceblast (13)
 L - a wand of charming (14)
 N - a wand of paralysis (14)
 Q - a wand of digging (7)
 U - a wand of acid (4)
 Y - a wand of flame (11)
 Z - a wand of polymorph (8)
Scrolls
 c - 5 scrolls of vulnerability
 d - 5 scrolls of fog
 f - 5 scrolls of noise {unknown}
 h - 3 scrolls of acquirement
 j - 6 scrolls of enchant weapon
 k - 3 scrolls of enchant armour
 m - 4 scrolls of teleportation
 q - 5 scrolls of blinking
 v - a scroll of immolation
 z - 2 scrolls of fear
 B - 3 scrolls of summoning
 C - a scroll of holy word
 M - 4 scrolls of amnesia {unknown}
 S - 3 scrolls of magic mapping
 V - 3 scrolls of silence
Potions
 l - 9 potions of lignification {unknown}
 t - 6 potions of might {unknown}
 u - 4 potions of curing
 w - 4 potions of flight {unknown}
 A - 7 potions of haste {unknown}
 D - a potion of ambrosia
 E - 6 potions of heal wounds
 H - 3 potions of resistance
 I - 5 potions of brilliance
 J - 4 potions of invisibility {unknown}
 K - 2 potions of cancellation
 W - a potion of magic
Miscellaneous
 p - a phial of floods
 r - a tin of tremorstones (2/2)


   Skills:
 - Level 7.0 Fighting
 - Level 22.0 Bows
 - Level 4.6 Armour
 - Level 12.0 Dodging
 - Level 5.0 Stealth
 + Level 9.3 Spellcasting
 - Level 8.0 Hexes
 + Level 11.1 Translocations
 - Level 2.0 Transmutations
 - Level 2.0 Fire Magic
 - Level 3.0 Earth Magic
 - Level 12.0 Invocations
 - Level 6.0 Evocations


You had 11 spell levels left.
You knew the following spells:

 Your Spells              Type           Power      Damage    Failure   Level
a - Slow                  Hex            100%       N/A       1%          1
c - Inner Flame           Hex/Fire       33%        N/A       2%          3
f - Cause Fear            Hex            23%        N/A       2%          4
g - Passage of Golubria   Tloc           58%        N/A       1%          4
l - Leda's Liquefaction   Hex/Erth       18%        N/A       6%          4
p - Passwall              Tmut/Erth      18%        N/A       3%          2
r - Portal Projectile     Hex/Tloc       100%       N/A       1%          3

Your spell library contained the following spells:

 Spells                   Type           Power      Damage    Failure   Level
 Apportation              Tloc           100%       N/A       1%          1
 Magic Dart               Conj           40%        1d5       6%          1
 Searing Ray              Conj           20%        2d5       10%         2
 Dispersal                Tloc           29%        N/A       10%         6
 Ignite Poison            Fire/Tmut/Pois 16%        N/A       11%         3
 Fulminant Prism          Conj/Hex       14%        3d9       12%         4
 Summon Forest            Summ/Tloc      18%        N/A       17%         5
 Call Canine Familiar     Summ           10%        N/A       19%         3
 Mephitic Cloud           Conj/Pois/Air  10%        N/A       19%         3
 Animate Armour           Summ/Erth      34%        N/A       32%         4
 Animate Dead             Necr           10%        N/A       52%         4
 Alistair's Intoxication  Tmut/Pois      10%        N/A       75%         5
 Freezing Cloud           Conj/Ice/Air   5%         6-21      86%         5
 Eringya's Noxious Bog    Tmut/Pois      7%         N/A       99%         6
 Disjunction              Tloc           29%        N/A       99%         8
 Haunt                    Necr/Summ      5%         N/A       100%        7
 Spellforged Servitor     Conj/Summ      5%         N/A       100%        7
 Summon Hydra             Summ           5%         N/A       100%        7
 Infestation              Necr           5%         N/A       100%        8
 Dragon's Call            Summ           5%         N/A       100%        9


Dungeon Overview and Level Annotations

Branches:
Dungeon (15/15)            Temple (1/1) D:5            Lair (6/6) D:9
  Swamp (1/4) Lair:2        Snake (0/4) Lair:3        Slime (1/5) Lair:6
    Orc (2/2) D:11            Elf (1/3) Orc:2        Vaults (0/5) D:13
 Depths (0/4) D:15          Sewer (visited)          Bailey (visited)

Altars:
Ashenzari
Cheibriados
Dithmenos
Elyvilon
Fedhas
Gozag
Hepliaklqana
Kikubaaqudgha
Makhleb
Nemelex Xobeh
Okawaru
Qazlal
Ru
Sif Muna
Trog
Uskayaw
Vehumet
Wu Jian
Xom
Yredelemnul
Zin
The Shining One
Beogh
Jiyva

Shops:
D:6 *   Orc:2 =[((

Portals:
Trove: D:11 (show abyssal rune of Zot)

Annotations:
D:12 1 runed translucent door
Lair:4 exclusion: hydra


Message History

The arrow closely misses the deep elf archer.
The deep elf archer shoots an arrow.
The arrow barely misses you.
You shoot an arrow. The arrow hits the deep elf archer!!
You kill the deep elf archer!
Fedhas appreciates your contribution to the ecosystem.
HP restored.
Items here: )) [ †.
An earth elemental comes into view.
Found a radiant altar of Vehumet.
A deep elf sorcerer and a deep elf zephyrmancer come into view.
The deep elf sorcerer shouts!
The deep elf zephyrmancer shouts!
The deep elf zephyrmancer gestures wildly while chanting.
The deep elf zephyrmancer blinks!
Casting: Inner Flame (mildly dangerous; 2% risk of failure)
Confirm with . or Enter, or press ? or * to list all spells.
Aiming: Passage of Golubria (mildly dangerous; 1% risk of failure)
Press: ? - help, Dir - move target You enter the passage of Golubria.
The deep elf sorcerer casts a spell at you.
You resist with some effort.
There is a staircase back to the Mines, spattered with blood here.
The deep elf sorcerer casts a spell.
The deep elf sorcerer seems to speed up.
You climb upwards.
Welcome back to the Orcish Mines!
There is a staircase to the Elven Halls, spattered with blood here.
Unknown command.
(D) Dungeon (T) Temple (L) Lair (S) Swamp (P) Snake Pit (M) Slime Pits (O) Orcish Mines (E) Elven Halls (V) Vaults (U) Depths
Where to? (Enter - Elf:1, ? - help)
Okay, then.
Save game and exit?
Welcome back, shoop the Deep Elf Arcane Marksman.
Fedhas says: Spread life and death.
Press ? for a list of commands and other information.
Save game and exit?
Welcome back, shoop the Deep Elf Arcane Marksman.
Fedhas says: Spread life and death.
Press ? for a list of commands and other information.
Are you sure you want to abandon this character and quit the game? (Confirm with "yes".)

......................[..)......[
...........................).....
...............#.............)...
#.............#......)......[#..)
#..................([...)[<..[#..
##............#......).).)##.###.
#...........##....#.....[...####.
##.###......#......#....#....##..
### ###.....#..@.###...#....#...
##.#.#......###<..#.......
#####.....## ##.##....... #...###
#####.#.... ##.## ##.##..# ###
#...##.# ##.##... #####.. ##.


There were no monsters in sight!

Vanquished Creatures
  An ettin (D:13)
  Josephine (Lair:6)
  4 fire dragons
  2 boulder beetles (D:12)
  Fannar (Orc:1)
  A vault guard (D:13)
  8 hydras
  An ogre mage (D:12)
  2 alligators (Swamp:1)
  4 two-headed ogres
  2 centaur warriors
  2 death knights
  A vampire mage (D:14)
  An orc high priest (Orc:1)
  6 death yaks
  3 tengu warriors
  Urug (Lair:2)
  2 skeletal warriors (D:15)
  2 swamp dragons
  2 bog bodies (Swamp:1)
  A deep elf archer (Elf:1)
  A phantasmal warrior (D:15)
  A wizard (D:15)
  A deep elf zephyrmancer (D:12)
  4 orc knights
  An iron dragon zombie (D:15)
  4 deep elf pyromancers
  A wolf spider (D:12)
  4 orc sorcerers
  A necromancer (D:15)
  22 ugly things
  14 cyclopes
  9 elephants
  5 manticores
  12 black mambas
  4 torpor snails (Lair:6)
  9 cane toads
  6 rime drakes
  3 kobold demonologists
  A freezing wraith (D:15)
  An efreet (D:14)
  9 komodo dragons
  2 tengu conjurers (D:10)
  5 polar bears
  5 hornets (Lair:6)
  9 trolls
  6 tyrant leeches
  A blink frog (shapeshifter) (D:12)
  17 blink frogs
  A troll (shapeshifter) (D:15)
  15 slime creatures
  An air elemental (Orc:2)
  2 shadows
  6 wyverns
  20 yaks
  A vampire (D:12)
  8 wraiths
  5 basilisks
  16 vampire mosquitoes
  5 steam dragons
  5 wargs
  3 acid dragons (D:10)
  24 water moccasins
  2 swamp worms (Swamp:1)
  2 swamp drakes
  3 black bears
  3 ice beasts
  36 orc warriors
  2 sky beasts
  18 wolves
  6 ogres
  16 centaurs
  A tengu (shapeshifter) (D:14)
  A phantom (D:5)
  A kobold brigand (D:9)
  11 bullfrogs
  3 scorpions
  A gnoll sergeant (D:9)
  13 wights
  17 killer bees
  2 electric eels
  4 howler monkeys
  2 jellies
  3 hounds
  2 gnoll shamans
  6 orc priests
  5 iguanas
  18 orc wizards
  27 gnolls
  10 adders
  3 shadow imps
  A white imp (D:6)
  An ufetubus (D:3)
  79 orcs
  5 endoplasms
  13 giant cockroaches
  4 goblins
  7 hobgoblins
  8 jackals (D:1)
  7 quokkas
  16 ball pythons
  5 bats
  10 frilled lizards
  10 kobolds
  2 rats
  2 ballistomycete spores
706 creatures vanquished.

Vanquished Creatures (collateral kills)
  A minotaur (D:13)
  A lindwurm (Lair:6)
  A torpor snail (Lair:6)
  A hornet (Lair:6)
  29 ballistomycete spores
33 creatures vanquished.

Vanquished Creatures (others)
  An orc wizard (D:6)
  84 fungi
  161 plants
  7 withered plants (D:15)
253 creatures vanquished.

Grand Total: 992 creatures vanquished

Notes
Turn   | Place    | Note
-------+----------+-------------------------------------------
     0 | D:1      | shoop the Deep Elf Arcane Marksman began the quest for the
                  | Orb.
     0 | D:1      | Reached XP level 1. HP: 11/11 MP: 5/5
    23 | D:1      | Reached skill level 3 in Bows
    69 | D:1      | Reached skill level 1 in Stealth
    73 | D:1      | Reached XP level 2. HP: 16/16 MP: 6/6
   518 | D:1      | Reached skill level 4 in Bows
   682 | D:1      | Reached XP level 3. HP: 20/20 MP: 7/7
  1201 | D:2      | Identified the +0 pair of boots of Veeneh {*Corrode rC+
                  | rN++ Int+3}
  1399 | D:2      | Identified the amulet "Ruus" {Acrobat +Inv rC+ Str-5}
  1620 | D:3      | Reached skill level 5 in Bows
  1620 | D:3      | Reached XP level 4. HP: 24/24 MP: 8/8
  1621 | D:3      | Found a white marble altar of Elyvilon.
  1623 | D:3      | Found a stormy altar of Qazlal.
  1644 | D:3      | Identified the +4 scale mail of Fashionability {rF+ rCorr
                  | SInv}
  1913 | D:3      | Learned a level 3 spell: Inner Flame
  2070 | D:3      | Reached skill level 6 in Bows
  2092 | D:3      | Reached XP level 5. HP: 15/28 MP: 5/9
  2616 | D:3      | Found a basalt altar of Yredelemnul.
  3387 | D:4      | Reached skill level 7 in Bows
  3592 | D:4      | Found a hazy altar of Hepliaklqana.
  3646 | D:4      | Reached skill level 1 in Fighting
  3774 | D:4      | Reached XP level 6. HP: 34/34 MP: 9/11
  3824 | D:4      | Reached skill level 1 in Fire Magic
  4146 | D:4      | Reached skill level 8 in Bows
  4733 | D:4      | Learned a level 4 spell: Cause Fear
  4789 | D:5      | Entered Level 5 of the Dungeon
  4834 | D:5      | Noticed a water moccasin
  4967 | D:5      | Found a staircase to the Ecumenical Temple.
  4975 | Temple   | Entered the Ecumenical Temple
  5417 | D:5      | Noticed an ice beast
  5456 | D:5      | Reached XP level 7. HP: 38/38 MP: 12/12
  5822 | D:5      | Reached skill level 5 in Hexes
  5870 | D:6      | Noticed a steam dragon
  5881 | D:5      | Reached skill level 9 in Bows
  5920 | D:6      | Noticed a two-headed ogre
  5971 | D:6      | Killed a two-headed ogre
  5972 | D:6      | Reached skill level 10 in Bows
  5972 | D:6      | Reached XP level 8. HP: 37/43 MP: 7/16
  6067 | D:6      | Reached skill level 5 in Spellcasting
  6071 | D:6      | Reached skill level 11 in Bows
  6153 | D:6      | Reached skill level 12 in Bows
  6153 | D:6      | Reached XP level 9. HP: 24/47 MP: 3/18
  6320 | D:6      | Found a glowing drain.
  6355 | Sewer    | Entered a sewer
  6476 | Sewer    | Learned a level 3 spell: Portal Projectile
  6605 | Sewer    | Reached skill level 1 in Translocations
  6928 | D:6      | Reached skill level 13 in Bows
  7099 | D:6      | Found Qaur's Serpentskin Sales.
  7622 | D:5      | Got Ydo Kiudd's Reference Book on the Dusty Entourage
  7626 | D:5      | Learned a level 2 spell: Passwall
  7769 | D:7      | Found a flagged portal.
  7874 | D:7      | Reached skill level 1 in Earth Magic
  7874 | D:7      | Reached skill level 1 in Evocations
  7984 | D:7      | Found a shimmering altar of Xom.
  7993 | D:7      | Reached skill level 1 in Transmutations
  8015 | D:7      | Found a blossoming altar of Fedhas.
  8038 | D:7      | Reached skill level 14 in Bows
  8049 | D:7      | Found a radiant altar of Vehumet.
  8060 | D:7      | Became a worshipper of Fedhas Madash
  8327 | Bailey   | Entered a bailey
  8650 | Bailey   | Reached * piety under Fedhas
  8898 | Bailey   | Noticed an orc knight
  8911 | Bailey   | Killed an orc knight
  8912 | Bailey   | Reached XP level 10. HP: 18/52 MP: 7/19
  9290 | D:7      | Reached skill level 15 in Bows
 11182 | D:9      | Found an iron altar of Okawaru.
 11211 | D:9      | Reached skill level 16 in Bows
 11502 | D:9      | Reached skill level 5 in Dodging
 11535 | D:9      | Reached ** piety under Fedhas
 11714 | D:9      | Reached skill level 1 in Invocations
 11826 | D:9      | Found a staircase to the Lair.
 12578 | D:9      | Found a burning altar of Makhleb.
 12707 | D:10     | Entered Level 10 of the Dungeon
 12727 | D:10     | Noticed a gargoyle
 12944 | D:10     | Found a sacrificial altar of Ru.
 13241 | D:10     | Noticed a cyclops
 13962 | D:10     | Noticed a two-headed ogre
 14032 | D:10     | Killed a two-headed ogre
 14033 | D:10     | Reached XP level 11. HP: 56/56 MP: 16/20
 14660 | D:10     | Noticed an orc knight
 14697 | D:10     | Killed an orc knight
 15001 | D:10     | Reached skill level 5 in Invocations
 15505 | Lair:1   | Entered Level 1 of the Lair of Beasts
 15761 | D:9      | Reached skill level 17 in Bows
 16013 | Lair:1   | Reached *** piety under Fedhas
 16081 | Lair:1   | Learned a level 4 spell: Leda's Liquefaction
 16571 | Lair:1   | Reached skill level 10 in Dodging
 17547 | Lair:1   | Reached skill level 18 in Bows
 18454 | Lair:2   | Reached XP level 12. HP: 60/60 MP: 15/21
 18517 | Lair:2   | Noticed Urug
 18998 | Lair:2   | Killed Urug
 19836 | Lair:2   | Found a staircase to the Swamp.
 19973 | Lair:2   | Reached skill level 19 in Bows
 20095 | Lair:2   | Reached **** piety under Fedhas
 20468 | Lair:3   | Noticed a four-headed hydra
 20820 | Lair:3   | Noticed a five-headed hydra
 20829 | Lair:3   | Killed a five-headed hydra
 20830 | Lair:3   | Reached skill level 20 in Bows
 21519 | Lair:3   | Found a staircase to the Snake Pit.
 21642 | Lair:3   | Killed a four-headed hydra
 22404 | Lair:4   | Noticed an eight-headed hydra
 22557 | Lair:4   | Reached ***** piety under Fedhas
 23124 | Lair:5   | Identified the +0 leather armour of the Poles {rF+ Stlth+}
 23368 | Lair:5   | Reached XP level 13. HP: 66/70 MP: 22/22
 23559 | Lair:5   | Got the Handbook of Dislocation
 23792 | Lair:6   | Entered Level 6 of the Lair of Beasts
 23829 | Lair:6   | Noticed Josephine
 23849 | Lair:6   | Reached skill level 1 in Armour
 24033 | D:9      | Learned a level 4 spell: Passage of Golubria
 24892 | D:11     | Found a staircase to the Orcish Mines.
 24919 | D:11     | Found a portal to a secret trove of treasure.
 25452 | D:12     | Reached skill level 5 in Stealth
 26468 | D:12     | Reached skill level 5 in Fighting
 26910 | D:12     | Reached skill level 5 in Translocations
 27570 | D:12     | Found a runed translucent door.
 28369 | D:12     | Reached skill level 10 in Invocations
 28373 | D:12     | Identified the ring "Zyssici" {rF+ Int+2}
 28413 | D:12     | Noticed an entropy weaver
 28677 | D:12     | Noticed an eleionoma
 28930 | D:12     | Noticed a golden dragon
 28930 | D:12     | Noticed a shadow dragon
 28930 | D:12     | a golden dragon changed into a shadow dragon
 29206 | D:12     | Got the Papyrus of Summoning and the Voyage
 29632 | D:12     | Noticed a shadow dragon
 29632 | D:12     | an iron troll changed into a shadow dragon
 29662 | D:12     | Noticed an eleionoma
 29662 | D:12     | a shadow dragon changed into an eleionoma
 29670 | D:12     | Noticed a fenstrider witch
 29670 | D:12     | an eleionoma changed into a fenstrider witch
 29802 | Orc:1    | Entered Level 1 of the Orcish Mines
 29802 | Orc:1    | Noticed Fannar
 29818 | Orc:1    | Killed Fannar
 29837 | Orc:1    | Reached XP level 14. HP: 73/78 MP: 16/23
 30321 | Orc:2    | Entered Level 2 of the Orcish Mines
 30783 | Orc:2    | Found Pueniz's Antique Weapon Boutique.
 30923 | Orc:2    | Paralysed by an orc sorcerer for 5 turns
 32128 | Orc:2    | Reached ****** piety under Fedhas
 33412 | Orc:2    | Found Ocuacaw's Jewellery Shoppe.
 33412 | Orc:2    | Found Bookeleh's Armour Boutique.
 33414 | Orc:2    | Found Qemmocwi's Antique Weapon Shop.
 33416 | Orc:2    | Found Huychest's Magic Scroll Emporium.
 33503 | Orc:2    | Found a staircase to the Elven Halls.
 33896 | D:13     | Reached skill level 21 in Bows
 35395 | Lair:6   | HP: 3/78 [tyrant leech (9)]
 36030 | Lair:6   | Found a runed translucent door.
 36440 | Lair:6   | Reached skill level 22 in Bows
 37364 | Lair:6   | Found a staircase to the Slime Pits.
 37365 | Lair:6   | Found a viscous altar of Jiyva.
 37390 | Lair:6   | Reached skill level 5 in Evocations
 37493 | Lair:6   | Killed Josephine
 37494 | Lair:6   | Reached XP level 15. HP: 76/83 MP: 22/26
 38618 | Lair:6   | Identified 2 scrolls of acquirement
 41631 | D:13     | Found a gate to the Vaults.
 41915 | D:14     | Found the +18 Lear's hauberk
 41961 | D:15     | Entered Level 15 of the Dungeon
 42235 | D:15     | Found a staircase to the Depths.
 43144 | D:15     | Found a sparkling altar of Nemelex Xobeh.
 43794 | D:15     | Reached skill level 10 in Translocations
 44337 | Swamp:1  | Entered Level 1 of the Swamp
 45531 | Swamp:1  | Identified the +5 whip "Egazeog" {freeze, rPois rN+ Str-4
                  | Int+5}
 47435 | D:12     | Noticed a frost giant
 47762 | Slime:1  | Entered Level 1 of the Pits of Slime
 48015 | Elf:1    | Entered Level 1 of the Elven Halls
 48033 | Orc:2    | Paralysed by an air elemental for 1 turns
 48197 | Elf:1    | Found a radiant altar of Vehumet.
 48213 | Elf:1    | Noticed a deep elf sorcerer
 48222 | Orc:2    | Upgraded the game from 0.29-a0-275-g389c0b56f3 to
                  | 0.29-a0-575-g0dc89cf053
 48222 | Orc:2    | Quit the game

Illustrated notes

Levels and vault maps discovered:
D:1:      dpeg_arrival_court, layout_loops_corners, dk_noncrumbling_2,
          minivault_27
D:2:      layout_rooms, minmay_misc_feat_doors, minmay_pentomino_p4
D:3:      layout_loops_corners, mainiacjoe_overflow_cross_hatched,
          mainiacjoe_overflow_catwalk_spiral
D:4:      layout_basic, kennysheep_little_box, kennysheep_windowed_goal
D:5:      layout_basic, minmay_temple_entry_sparse_star
D:6:      layout_basic, gup_sewer_entry_glass, nicolae_water_bricks,
          guppyfry_shop_venom
D:7:      layout_cave_pools, mainiacjoe_overflow_concentric_impassable,
          fedhas_altar_3, mainiacjoe_overflow_surrounded_room, enter_bailey_2,
          minmay_diced_spiral
D:8:      layout_layer_cave
D:9:      layout_irregular_city, lemuel_crystal_altar, lightli_temple_of_fire,
          lair_entry_dummy, st_stairs_13
D:10:     layout_loops_corners, lemuel_doored_altar,
          hellmonk_guarded_unrand_dark_maul
D:11:     layout_cave_pools, david_orc_4, serial_column_ruins,
          column_ruins_square_medium, column_ruins_hut_ruined,
          column_ruins_columns_water, column_ruins_grid_1,
          column_ruins_open_small, column_ruins_open_small,
          column_ruins_open_small, column_ruins_open_tiny, enter_trove_2,
          minivault_19
D:12:     minmay_the_grid_triangle_9x9_rhombus_full
          [minmay_the_grid_triangle_9x9_semitri,
          minmay_the_grid_triangle_9x9_warning,
          minmay_the_grid_triangle_9x9_dagger,
          minmay_the_grid_triangle_9x9_wacky_v,
          minmay_the_grid_triangle_9x9_subtriangle,
          minmay_the_grid_triangle_9x9_checkered,
          minmay_the_grid_triangle_9x9_descending_squares,
          minmay_the_grid_triangle_9x9_prize_center], layout_loops_cross,
          minivault_12
D:13:     layout_long_grid, david_vaults_4
D:14:     layout_loops_ring, minmay_misc_feat_rugged,
          hellmonk_guarded_unrand_lears
D:15:     gammafunk_depths_entry_grave, layout_grid_maze,
          minmay_misc_feat_columns, nemelex_diamond_rough_becter
Temple:   hc_temple_tempest_star
Lair:1:   layout_regular_city, serial_forest, infiniplex_forest_lined_1,
          infiniplex_forest_end_2, infiniplex_forest_diagonal,
          infiniplex_forest_clump_tiny, infiniplex_forest_clump_tiny,
          infiniplex_forest_corner_1, infiniplex_forest_straight_1,
          infiniplex_forest_zigzag_1, cheibrodos_lair_lostbears,
          grunt_megastairs_2
Lair:2:   layout_cave_pods, minmay_swamp_entry_reptiles, uniq_urug
Lair:3:   layout_long_grid, minmay_snake_entry_six_corridors, grunt_megastairs_5
Lair:4:   layout_small_grid
Lair:5:   layout_loops_ring, lemuel_fruit_fields, infiniplex_staircase_pool
Lair:6:   guppyfry_lair_end_dragon, layout_cave_pods, wormcave, slime_altar_1,
          st_stairs_10, uniq_josephine
Swamp:1:  nicolae_swamp_tree_isthmus, layout_basic_swamp, serial_swamp_ruin,
          evilmike_swamp_ruin_house_6, evilmike_swamp_ruin_house_3,
          evilmike_swamp_ruin_house_4, uniq_louise
Slime:1:  layout_caves, nicolae_slime_barrier
Orc:1:    layout_caves, mines2_david, uniq_fannar
Orc:2:    st_orc_rangers, layout_caves, serial_shops, nicolae_square_shop
Elf:1:    eino_elf_arrival_altar, layout_geoelf_diagonals, evilmike_minifort

Skill      XL: |  1  2  3  4  5  6  7  8  9 10 11 12 13 14 15 |
---------------+----------------------------------------------+-----
Bows           | 3 4 5 6 7 8 10 12 14 16 18 20 22 | 22.0
Stealth        | 1 2 3 5 |  5.0
Fighting       | 1 3 5 6 7 |  7.0
Spellcasting   | 2 4 5 9 |  9.3
Fire Magic     | 2 |  2.0
Dodging        | 3 7 10 11 12 | 12.0
Hexes          | 7 8 |  8.0
Translocations | 3 6 11 | 11.1
Earth Magic    | 2 3 |  3.0
Evocations     | 3 5 6 |  6.0
Transmutations | 2 |  2.0
Invocations    | 4 6 8 10 12 | 12.0
Armour         | 4 |  4.6

Action                   |  1- 3 |  4- 6 |  7- 9 | 10-12 | 13-15 || total
-------------------------+-------+-------+-------+-------+-------++-------
 Fire: Shortbow          |    91 |   213 |   376 |   233 |       ||   913
       Longbow           |       |       |       |   783 |  1808 ||  2591
 Cast: Slow              |     4 |    35 |    40 |   117 |    35 ||   231
       Inner Flame       |       |     2 |    30 |    47 |   157 ||   236
       Cause Fear        |       |       |     3 |    34 |    85 ||   122
       Leda's Liquefacti |       |       |       |     5 |     1 ||     6
       Passwall          |       |       |       |       |     6 ||     6
       Passage of Golubr |       |       |       |       |     6 ||     6
       Portal Projectile |       |       |       |       |     1 ||     1
Invok: Wall of Briars    |       |       |       |     2 |       ||     2
       Grow Ballistomyce |       |       |       |     1 |     9 ||    10
       Overgrow          |       |       |       |       |     1 ||     1
       Grow Oklob        |       |       |       |       |     1 ||     1
Evoke: Wand              |       |       |       |     1 |     1 ||     2
  Use: Potion            |       |     1 |       |     1 |     4 ||     6
       Scroll            |       |       |       |    12 |    15 ||    27
Armor: Robe              |     3 |    38 |    49 |    91 |   134 ||   315
Dodge: Dodged            |    19 |    90 |    67 |   403 |   516 ||  1095

Table legend: (Time is in decaauts)
 A = Elapsed time spent in this place.
 B = Non-inter-level travel time spent in this place.
 C = Inter-level travel time spent in this place.
 D = Time resting spent in this place.
 E = Time spent auto-exploring this place.
 F = Levels seen in this place.
 G = Mean time per level.
                   A        B        C        D        E       F      G
               +--------+--------+--------+--------+--------+-----+--------+
         Total |  47918 |  43958 |   3960 |  12564 |  22120 |  29 | 1652.3 |
       Dungeon |  28903 |  26238 |   2665 |   6832 |  13553 |  15 | 1926.9 |
        Temple |    423 |    399 |     24 |      0 |    387 |   1 |  423.0 |
          Lair |  13055 |  11874 |   1181 |   3594 |   6126 |   6 | 2175.8 |
         Swamp |    123 |    121 |      2 |      0 |     69 |   1 |  123.0 |
    Slime Pits |      8 |      8 |      0 |      0 |      0 |   1 |    8.0 |
  Orcish Mines |   3810 |   3724 |     86 |   1697 |   1270 |   2 | 1905.0 |
   Elven Halls |    148 |    148 |      0 |      0 |    100 |   1 |  148.0 |
         Sewer |    621 |    621 |      0 |      6 |    472 |   1 |  621.0 |
        Bailey |    823 |    823 |      0 |    433 |    141 |   1 |  823.0 |
               +--------+--------+--------+--------+--------+-----+--------+

Top non-repeatable levels by time:
    D:12: 5248 daAuts
    D:13: 3349 daAuts
  Lair:2: 3254 daAuts
  Lair:6: 3183 daAuts
    D:10: 2675 daAuts
    D:14: 2665 daAuts
  Lair:1: 2646 daAuts
     D:9: 2296 daAuts
   Orc:1: 2140 daAuts
     D:4: 1936 daAuts
  Lair:5: 1826 daAuts
     D:8: 1727 daAuts
   Orc:2: 1670 daAuts
    D:15: 1592 daAuts
    D:11: 1573 daAuts
